 Dungeon Crawl Stone Soup version 0.17.1-1-g73c8601 (webtiles) character file.

193 Andry07 the Shield-Bearer (level 5, -1/27 HPs)
             Began as a Vine Stalker Fighter on Dec 31, 2015.
             Killed by nerve-wracking pain
             ... invoked by Grinder
              (4 damage)
             ... while paralysed by Grinder
             ... on level 3 of the Dungeon.
             The game lasted 00:03:59 (1954 turns).

Andry07 the Shield-Bearer (Vine Stalker Fighter)    Turns: 1954, Time: 00:03:59

Health: -1/27      AC: 11    Str: 19    XL:     5   Next: 72%
Magic:  0/6        EV:  2    Int:  8    God:
Gold:   126        SH:  0    Dex: 14    Spells: 0 memorised, 4 levels left

rFire  . . .     SeeInvis .     a - +0 long sword
rCold  . . .     Clarity  .     t - +0 plate armour
rNeg   . . .     SustAt   .     c - +0 shield
rPois  .         Gourm    .     (no helmet)
rElec  .         Spirit   +     (no cloak)
rCorr  .         Warding  .     (no gloves)
rMut   .         Stasis   .     (no boots)
MR     .....                    (no amulet)
Stlth  ..........               (no ring)
                                (no ring)

@: paralysed, not resistant to hostile enchantments, extremely unstealthy
A: fangs 2, regeneration 1, magic shield, antimagic bite, no device heal 3, rot
immunity
a: no special abilities


You were on level 3 of the Dungeon.
You were not hungry.

You visited 1 branch of the dungeon, and saw 3 of its levels.

You collected 126 gold pieces.

Inventory:

Hand Weapons
 a - a +0 long sword (weapon)
Armour
 c - a +0 shield (worn)
 t - a +0 plate armour (worn)
Jewellery
 o - an uncursed ring of fire {unknown}
Scrolls
 b - a scroll of random uselessness {unknown}
 f - 5 scrolls of identify {unknown}
 h - a scroll of blinking {unknown}
 m - a scroll of fog {unknown}
 n - a scroll of teleportation {unknown}
 r - a scroll of amnesia {unknown}
 u - a scroll of remove curse {unknown}
Potions
 d - a potion of might
 g - 3 potions of curing {unknown}
 j - a potion of haste {unknown}
 k - 3 potions of heal wounds {unknown}
 l - a potion of magic {unknown}
 q - a potion of resistance {unknown}
 s - 2 potions of lignification {unknown}
Comestibles
 e - 3 bread rations
 i - a meat ration
 p - 2 beef jerkies


   Skills:
 - Level 2.6 Fighting
 + Level 3.2 Long Blades
 + Level 3.5 Armour
 + Level 3.9 Shields


You had 4 spell levels left.
You didn't know any spells.

Dungeon Overview and Level Annotations

Branches:
Dungeon (3/15)

Altars:
Kikubaaqudgha
Okawaru
Xom
Yredelemnul

Annotations:
D:3 Grinder


Innate Abilities, Weirdness & Mutations

You have extremely sharp teeth.
Your natural rate of healing is unusually fast.
When hurt, damage is shared between your health and your magic reserves.
Your bite disrupts and absorbs the magic of your enemies.
Potions and wands cannot restore your health.
You are immune to rotting.


Message History

Grinder hits you but does no damage.
You hit Grinder. Your bite misses Grinder.
Grinder is moderately wounded.
Grinder hits you.
You writhe in agony.
You hit Grinder. Your bite misses Grinder.
Grinder is moderately wounded.
Grinder hits you!
You writhe in agony.
* * * LOW HITPOINT WARNING * * *
Grinder gestures at you.
You suddenly lose the ability to move!
Grinder hits you but does no damage. Grinder hits you.
* * * LOW HITPOINT WARNING * * *
You writhe in agony.
* * * LOW HITPOINT WARNING * * *
Grinder gestures.
Grinder blinks!
Grinder gestures at you. Pain shoots through your body!
You die...

#..#.# #.........
#..#.# ###.#.....
#..#.# #.#.#...#
#.##[# ###.###.#.##
#.##.#####..#####..#
#.##.##......5##.###
#.##.##.##.##.#.##
#.#...#.##.##..##
#...@ยง.........#
##.......##.##.##
#.#.........##.#
##......(...)..#
###...###5.####
##...###..#########
##.#.#.##.........<#
#.##.##.#.########.##
#.##...............)(


You could see Grinder.

Vanquished Creatures
  An orc wizard (D:3)
  An orc priest (D:3)
  Terence (D:3)
  3 adders
  An ooze (D:2)
  5 worms
  3 giant geckos
  4 orcs (D:3)
  6 bats
  A giant cockroach (D:3)
  6 hobgoblins
  3 jackals (D:2)
  7 kobolds
  3 quokkas (D:3)
  2 ball pythons (D:2)
  A giant newt (D:3)
  6 goblins
  4 rats
58 creatures vanquished.

Notes
Turn   | Place    | Note
--------------------------------------------------------------
     0 | D:1      | Andry07 the Vine Stalker Fighter began the quest for the Orb.
     0 | D:1      | Reached XP level 1. HP: 11/11 MP: 2/2
   203 | D:1      | Reached XP level 2. HP: 16/16 MP: 3/3
   307 | D:1      | Reached skill level 3 in Shields
   709 | D:2      | Found an iron altar of Okawaru.
   711 | D:2      | Reached XP level 3. HP: 19/19 MP: 4/4
   830 | D:2      | Found an iron altar of Okawaru.
   838 | D:2      | Found a basalt altar of Yredelemnul.
   846 | D:2      | Found an ancient bone altar of Kikubaaqudgha.
   959 | D:2      | Reached XP level 4. HP: 13/23 MP: 3/5
  1135 | D:2      | Found a shimmering altar of Xom.
  1455 | D:3      | Noticed Terence
  1469 | D:3      | Reached XP level 5. HP: 15/27 MP: 2/6
  1486 | D:3      | Killed Terence
  1730 | D:3      | Noticed Grinder
  1730 | D:3      | Paralysed by Grinder for 5 turns
  1940 | D:3      | Paralysed by Grinder for 6 turns
  1949 | D:3      | Paralysed by Grinder for 6 turns
  1954 | D:3      | Killed from afar by Grinder

Action                   |  1- 3 |  4- 6 || total
-------------------------+-------+-------++-------
Melee: Long sword        |    94 |   108 ||   202
  Eat: Chunk             |       |     4 ||     4
